 Dungeon Crawl Stone Soup version 0.30-a0-857-gcaf70739d4 (webtiles) character file.

Game seed: 4280111481062271752

1744 FexLirch the Grappler (level 9, -1/78 HPs)
             Began as a Ghoul Monk on Mar 5, 2023.
             Was an Initiate of Ru.
             Slain by a centaur zombie (4 damage)
             ... in an ossuary.
             The game lasted 00:16:40 (4700 turns).

FexLirch the Grappler (Ghoul Monk)                  Turns: 4700, Time: 00:16:41

Health: -1/78      AC:  2    Str: 19    XL:     9   Next: 6%
Magic:  8/8        EV: 19    Int:  5    God:    Ru [......]
Gold:   341        SH:  0    Dex: 17    Spells: 8/8 levels left

rFire   . . .      SeeInvis .      - Unarmed
rCold   + . .      Faith    .    (no shield)
rNeg    + + +      Spirit   .    a - +0 robe
rPois   ∞          Reflect  .    (no helmet)
rElec   .          Rampage  .    (no cloak)
rCorr   .                        (no gloves)
Will    .....                    (no boots)
Stlth   +++                      (no amulet)
HPRegen 0.00/turn                j - +5 ring of evasion
MPRegen 0.11/turn                p - +6 ring of dexterity

@: mighty, brilliant, marked, inhibited regen
A: claws 1, cold resistance 1, negative energy resistance 3, inhibited
regeneration, torment resistance 2, devour on kill
a: Renounce Religion


You were in an ossuary.
You worshipped Ru.
Ru was noncommittal.
You visited 1 branch of the dungeon, and saw 6 of its levels.
You also visited: Sewer and Ossuary.

You collected 341 gold pieces.

Inventory:

Hand Weapons
 t - a +1 sling
Missiles
 h - 18 stones (quivered)
 o - 7 poisoned darts
 v - a curare-tipped dart
Armour
 a - a +0 robe (worn)
 D - a +2 robe of willpower
Jewellery
 e - a ring of ice
 j - a +5 ring of evasion (left claw)
 n - a +6 ring of intelligence
 p - a +6 ring of dexterity (right claw)
 q - a +6 ring of dexterity
 C - a ring of protection from cold
Scrolls
 d - 2 scrolls of enchant armour
 f - 2 scrolls of enchant weapon
 m - a scroll of silence {unknown}
 r - 2 scrolls of amnesia
 s - a scroll of noise
 x - 2 scrolls of fear
 y - a scroll of blinking {unknown}
 z - a scroll of teleportation {unknown}
 A - a scroll of butterflies
 B - a scroll of immolation {unknown}
Potions
 b - 2 potions of ambrosia
 c - a potion of brilliance
 g - a potion of resistance
 i - a potion of invisibility {unknown}
 l - 2 potions of curing
 u - a potion of flight {unknown}
 w - a potion of magic {unknown}


   Skills:
 + Level 6.4 Fighting
 + Level 5.3 Dodging
 + Level 6.3 Stealth
 * Level 8.5 Unarmed Combat


You had 8 spell levels left.
You didn't know any spells.
Your spell library contained the following spells:

 Spells                   Type           Power      Damage    Failure   Level
 Magic Dart               Conj           0%         1d3       47%         1
 Searing Ray              Conj           0%         2d4       63%         2
 Ignite Poison            Fire/Tmut/Pois 0%         N/A       85%         3
 Fulminant Prism          Conj/Hex       0%         3d5       99%         4
 Sticky Flame             Conj/Fire      0%         2d3       99%         4
 Summon Hydra             Summ           0%         N/A       100%        7
 Ignition                 Fire           0%         3d3       100%        8
 Sublimation of Blood     Necr           Unusable   N/A       N/A         2
 Wereblood                Tmut           Unusable   N/A       N/A         2

Dungeon Overview and Level Annotations

Branches:
Dungeon (6/15)              Sewer (visited)         Ossuary (1/1)
 Temple: D:4-7

Altars:
Dithmenos
Ru

Annotations:
D:4 Dowan, Duvessa
D:6 Pikel


Innate Abilities, Weirdness & Mutations

You are immune to poison.
You have sharp fingernails.
Your flesh is cold resistant. (rC+)
You are immune to negative energy. (rN+++)
You do not regenerate when monsters are visible.
You are immune to unholy pain and torment.
You thrive by killing the living.


Message History

The centaur zombie hits you.
* * * LOW HITPOINT WARNING * * *
The centaur zombie misses you.
You feel better. The centaur zombie misses you.
The centaur zombie kicks you but does no damage.
The centaur zombie hits you but does no damage.
The centaur zombie closely misses you. The centaur zombie misses you.
The centaur zombie barely misses you. The centaur zombie hits you.
* * * LOW HITPOINT WARNING * * *
The centaur zombie kicks you.
* * * LOW HITPOINT WARNING * * *
The centaur zombie hits you.
* * * LOW HITPOINT WARNING * * *
The centaur zombie completely misses you.
The centaur zombie misses you. x2
You feel better.
The centaur zombie hits you but does no damage.
The centaur zombie barely misses you. The centaur zombie hits you.
* * * LOW HITPOINT WARNING * * *
The centaur zombie kicks you but does no damage.
The centaur zombie closely misses you.
The centaur zombie kicks you but does no damage.
The centaur zombie hits you.
* * * LOW HITPOINT WARNING * * *
The centaur zombie misses you. The centaur zombie hits you.
* * * LOW HITPOINT WARNING * * *
The centaur zombie barely misses you. The centaur zombie hits you.
* * * LOW HITPOINT WARNING * * *
The centaur zombie barely misses you. The centaur zombie hits you.
* * * LOW HITPOINT WARNING * * *
The centaur zombie closely misses you.
Okay, then.
Unknown command.
It was a potion of might.
You feel very mighty all of a sudden. The centaur zombie closely misses you.
The centaur zombie kicks you but does no damage.
The centaur zombie misses you. The centaur zombie closely misses you.
The centaur zombie hits you.
You die...

#####
##...##
#.....#
#.....#
#.....#
#.....#
#..∩..#
#ZZZ..#
#.@∩..#
#ZZZ..#
#..^..#
#....^#
.......#
##.^..^##
.......
##...^.##


You could see a hobgoblin zombie and 5 centaur zombies.

Vanquished Creatures
  Eustachio (D:3)
  An ice beast (D:5)
  An ogre (D:5)
  A centaur (D:5)
  A phantom (D:4)
  A lemure (D:5)
  A kobold brigand (Sewer)
  Blork the orc (D:6)
  8 scorpions
  A centaur zombie (Ossuary)
  2 jellies
  2 orc priests (D:4)
  A gnoll bouda (D:5)
  A sleepcap (D:5)
  Natasha (D:3)
  An orc wizard (D:4)
  4 mummies
  3 gnolls (D:5)
  16 adders
  4 river rats (Sewer)
  2 white imps (D:5)
  2 ufetubi
  4 worms
  A dart slug (D:1)
  6 orcs
  4 bats
  8 endoplasms
  3 giant cockroaches
  4 goblins
  9 hobgoblins
  8 jackals
  8 kobolds
  3 quokkas
  6 ball pythons
  6 frilled lizards
  4 hobgoblin zombies (Ossuary)
  12 rats
142 creatures vanquished.

Vanquished Creatures (others)
  44 plants
44 creatures vanquished.

Grand Total: 186 creatures vanquished

Notes
Turn   | Place    | Note
-------+----------+-------------------------------------------
     0 | D:1      | FexLirch the Ghoul Monk began the quest for the Orb.
     0 | D:1      | Reached XP level 1. HP: 19/19 MP: 0/0
   146 | D:1      | Reached XP level 2. HP: 26/26 MP: 1/1
   397 | D:1      | Reached XP level 3. HP: 31/31 MP: 2/2
   600 | D:1      | You fall into a shaft and drop 1 floor!
   701 | D:2      | Found a faded altar of an unknown god.
   941 | D:2      | Reached skill level 4 in Unarmed Combat
  1447 | D:3      | Reached XP level 4. HP: 38/40 MP: 3/3
  1731 | D:4      | Noticed Natasha
  1739 | D:3      | Killed Natasha
  1770 | D:4      | Noticed Dowan
  1771 | D:4      | Noticed Duvessa
  1820 | D:4      | Noticed a phantom
  1848 | D:4      | Noticed Eustachio
  1877 | D:4      | Reached XP level 5. HP: 30/46 MP: 4/4
  1944 | D:4      | Found a sacrificial altar of Ru.
  1962 | D:4      | Reached skill level 5 in Unarmed Combat
  2055 | D:4      | Killed a phantom
  2056 | D:4      | Reached XP level 6. HP: 39/53 MP: 5/5
  2257 | D:3      | Killed Eustachio
  2258 | D:3      | Reached skill level 6 in Unarmed Combat
  2258 | D:3      | Reached XP level 7. HP: 39/60 MP: 6/6
  2395 | D:4      | Became a worshipper of Ru the Awakened
  2514 | D:5      | Entered Level 5 of the Dungeon
  2712 | D:5      | Reached skill level 5 in Fighting
  2833 | D:5      | Reached skill level 5 in Stealth
  2833 | D:5      | Reached XP level 8. HP: 36/68 MP: 7/7
  2842 | D:5      | Reached skill level 7 in Unarmed Combat
  3101 | D:5      | Found a glowing drain.
  3117 | Sewer    | Entered a sewer
  3765 | D:5      | Found a shadowy altar of Dithmenos.
  3828 | D:5      | Reached skill level 5 in Dodging
  3906 | D:5      | Reached skill level 8 in Unarmed Combat
  4269 | D:6      | Noticed Pikel
  4473 | D:6      | Noticed Blork the orc
  4482 | D:6      | Killed Blork the orc
  4486 | D:6      | Found a sand-covered staircase.
  4502 | D:6      | Reached XP level 9. HP: 37/77 MP: 8/8
  4628 | Ossuary  | Entered an ossuary
  4699 | Ossuary  | HP: 3/78 [centaur zombie (4)]
  4700 | Ossuary  | Slain by a centaur zombie

Illustrated notes

Levels and vault maps discovered:
D:1:      sevenhm_arrival_forest_fort_small_4, layout_loops_ring,
          minmay_hedge_maze
D:2:      layout_basic, nicolae_ecumenical_oubliette, dk_noncrumbling_3
D:3:      layout_rooms
D:4:      layout_rooms, amcnicky_altar_gilded, uniq_eustachio, uniq_duvessa,
          uniq_natasha
D:5:      layout_rooms, grunt_dithmenos_smoke_and_mirrors,
          lightli_sewer_entry_pipes, serial_bayou_lagoon_a
D:6:      layout_loops_ring, minmay_temple_entry_glass,
          gup_ossuary_entry_pyramid, hellmonk_bongcloud_opening,
          uniq_blork_the_orc, uniq_menkaure, uniq_pikel
Ossuary:  ossuary_the_hunt_dpeg

Skill      XL: |  1  2  3  4  5  6  7  8 |
---------------+-------------------------+-----
Dodging        | 3 4 5 |  5.3
Unarmed Combat | 4 5 6 8 |  8.5
Stealth        | 3 4 5 6 |  6.3
Fighting       | 4 5 6 |  6.4

Action                     |  1- 3 |  4- 6 |  7- 9 || total
---------------------------+-------+-------+-------++-------
  Melee: Unarmed           |    96 |   146 |   316 ||   558
         Punch             |     1 |     4 |    11 ||    16
   Fire: Sling             |       |     6 |     6 ||    12
  Throw: Stone             |     1 |     2 |     3 ||     6
         Dart              |       |    10 |     7 ||    17
 Invoke: Reject Sacrifices |       |       |     1 ||     1
    Use: Scroll            |       |       |     7 ||     7
         Potion            |       |       |     6 ||     6
   Stab: Sleeping          |     5 |     2 |     6 ||    13
 Armour: Robe              |    22 |    14 |    38 ||    74
  Dodge: Dodged            |    55 |   106 |   276 ||   437

Table legend: (Time is in decaauts)
 A = Elapsed time spent in this place.
 B = Non-inter-level travel time spent in this place.
 C = Inter-level travel time spent in this place.
 D = Time resting spent in this place.
 E = Time spent auto-exploring this place.
 F = Levels seen in this place.
 G = Mean time per level.
                   A        B        C        D        E       F      G
               +--------+--------+--------+--------+--------+-----+--------+
         Total |   4816 |   4611 |    205 |    249 |   2625 |   8 |  602.0 |
       Dungeon |   4017 |   3812 |    205 |    249 |   2241 |   6 |  669.5 |
         Sewer |    730 |    730 |      0 |      0 |    384 |   1 |  730.0 |
       Ossuary |     69 |     69 |      0 |      0 |      0 |   1 |   69.0 |
               +--------+--------+--------+--------+--------+-----+--------+

Top non-repeatable levels by time:
     D:5: 1217 daAuts
     D:3: 771 daAuts
   Sewer: 730 daAuts
     D:2: 604 daAuts
     D:1: 599 daAuts
     D:4: 523 daAuts
     D:6: 300 daAuts
 Ossuary: 69 daAuts
